 Dungeon Crawl Stone Soup version bcrawl-1.14.2-1-gc900083943 (webtiles) character file.

Game seed: 17086550207194069863

11738 Chiseanne the Cleaver (level 11, -2/81 HPs)
             Began as an Octopode Archaeologist on Sept 21, 2019.
             Was an Initiate of Gozag.
             Shot with an arrow by a centaur warrior (27 damage)
             ... on level 11 of the Dungeon.
             The game lasted 00:27:29 (9630 turns).

Chiseanne the Cleaver (Octopode Archaeologist)      Turns: 9630, Time: 00:27:30

Health: -2/81      AC:  3    Str: 12    XL:     11   Next: 82%
Magic:  20/20      EV: 24    Int: 17    God:    Gozag
Gold:   713        SH:  0    Dex: 17    Spells: 6/22 levels left

rFire    + . .     SeeInvis +   a - +14 obsidian axe {chop, +Fly SInv *Curse} (curse)
rCold    + . .     Gourm    .   (no shield)
rNeg     . . .     Faith    .   b - +2 hat
rPois    .         Spirit   .   K - scarf {rC+ rF+}
rElec    .         Reflect  .   k - amulet of regeneration
rCorr    +         Harm     .   r - ring of resist corrosion
MR       .....                  F - +5 ring of dexterity
Stlth    ++++......             E - +3 ring of evasion
HPRegen  0.63/turn              I - ring of wizardry
MPRegen  0.17/turn              P - ring of see invisible
                                J - ring of flight
                                (no ring)
                                (no ring)

@: mesmerised, invisible
A: almost no armour, stealthy swim, amphibious, 8 rings, constrict 8, camouflage
1, gelatinous body 1
a: Potion Petition, Call Merchant, Bribe Branch, Renounce Religion, Evoke Flight


You were on level 11 of the Dungeon.
You worshipped Gozag.
Gozag was pleased with you.
You were not hungry.

You visited 1 branch of the dungeon, and saw 11 of its levels.
You also visited: Ossuary.

You collected 4966 gold pieces.
You spent 2836 gold pieces at shops.
You paid 1417 gold pieces to Gozag.

Inventory:

Hand Weapons
 a - the cursed +14 obsidian axe (weapon) {chop, +Fly SInv *Curse}

   It inflicts extra damage upon your enemies.
   It lets you see invisible.
   It lets you fly.
   It curses itself when equipped.
   It has a curse placed upon it.
Missiles
 g - 1747 stones (quivered)
 h - 923 arrows
 m - 216 bolts
 q - 526 sling bullets
 s - 322 poisoned needles
 H - 121 tomahawks
 O - a throwing net {!f}
Armour
 b - a +2 hat (worn)
 d - a +2 buckler
 f - a +0 large shield
 o - a +0 shield
 K - a scarf of resistance (worn)
Jewellery
 k - an amulet of regeneration (around mantle)
 r - a ring of resist corrosion (left tentacle)
 E - a +3 ring of evasion (on tentacle)
 F - a +5 ring of dexterity (right tentacle)
 I - a ring of wizardry (on tentacle)
 J - a ring of flight (on tentacle)
 P - a ring of see invisible (on tentacle)
 T - an uncursed amulet of faith {unknown}
Wands
 L - a wand of acid (3)
 Q - a wand of flame (23)
 R - a wand of disintegration (19)
Scrolls
 e - 3 scrolls of immolation
 n - 8 scrolls of teleportation
 v - a scroll of enchant armour
 y - 2 scrolls of fear
 A - 7 scrolls of remove curse
 B - 2 scrolls of magic mapping
 C - a scroll of amnesia
 D - 2 scrolls of enchant weapon
 U - 3 scrolls of identify
 W - a scroll of blinking
Potions
 i - 2 potions of agility
 j - 2 potions of heal wounds
 l - 2 potions of flight
 p - 3 potions of brilliance
 t - 2 potions of haste
 u - 2 potions of cancellation
 w - 7 potions of curing
 x - 3 potions of mutation
 z - a potion of might
 S - 2 potions of lignification {unknown}
 V - a potion of resistance {unknown}
Miscellaneous
 G - a lamp of fire (inert)
Comestibles
 N - 7 rations {!d}


   Skills:
 - Level 9.9 Fighting
 - Level 11.0 Axes
   Level 1.0(7.0) Maces & Flails
 - Level 10.3 Dodging
 - Level 4.9 Stealth
 * Level 6.2 Spellcasting
 * Level 0.0 Translocations


You had 6 spell levels left.
You knew the following spells:

 Your Spells              Type           Power        Failure   Level  Hunger
a - Blink                 Tloc           N/A          8%          2    None
b - Conjure Flame         Conj/Fire      #.......     16%         3    ##.....
c - Mephitic Cloud        Conj/Pois/Air  #.......     16%         3    ##.....
d - Controlled Blink      Tloc           N/A          100%        8    #######

Your spell library contained the following spells:

 Spells                   Type           Power        Failure   Level  Hunger
 Magic Dart               Conj           #...         5%          1    None
 Slow                     Hex            #.......     5%          1    None
 Call Imp                 Summ           #.......     8%          2    None
 Searing Ray              Conj           #.....       8%          2    None
 Iskenderun's Mystic Bla  Conj           #.......     16%         3    ##.....
 Fulminant Prism          Conj/Hex       #.........   43%         4    ####...
 Bolt of Magma            Conj/Fire/Erth #.........   77%         5    #####..
 Irradiate                Conj/Tmut      #.........   77%         5    #####..
 Passage of Golubria      Tloc           N/A          77%         5    #####..


Dungeon Overview and Level Annotations

Branches:
Dungeon (11/12)            Temple (0/1) D:7            Lair (0/6) D:7
    Orc (0/1) D:10
 Vaults: D:11-12

Altars:
Ashenzari
Cheibriados
Fedhas
Gozag
Kikubaaqudgha
Lugonu
Makhleb
Nemelex Xobeh
Okawaru
Ru
Sif Muna
Vehumet
Wu Jian
Xom
Zin

Shops:
D:5 (=[   D:8 ?   D:10 %:   D:11 **[


Innate Abilities, Weirdness & Mutations

You cannot wear most types of armour.
You are very stealthy in the water. (Stealth+)
You are amphibious.
You can wear up to eight rings at the same time.
You can use your tentacles to constrict eight enemies at once.
Your skin changes colour to match your surroundings (Stealth+).
Your rubbery body absorbs attacks. (AC +1, EV +1)


Message History

A centaur warrior comes into view.
A centaur warrior comes into view.
The centaur warrior shouts!
The centaur warrior wields a +0 shortbow.
The centaur warrior shoots an arrow.
The arrow hits you!
The crimson imp shouts!
The centaur warrior shoots an arrow.
The arrow hits you!
The centaur warrior shoots an arrow.
The arrow hits you!!
* * * LOW HITPOINT WARNING * * *
The centaur warrior shouts!
The crimson imp misses you.
Found Jekuson's General Store.
You fade into invisibility!
The centaur warrior shoots an arrow.
The arrow barely misses the crimson imp.
The arrow barely misses you.
The centaur warrior wields a +0 shortbow.
The centaur warrior shoots an arrow.
The arrow hits you!!
You die...
Your body crumbles into a pile of gold.

..≈≈∩≈≈....#
...≈≈≈≈≈<...#
....≈≈≈.....#
#...........#
∩...........#
.....^....∩.#
............#
#....!...$>.###
#......@5.?.c.^#
#..............#
#/...c.........#
#...........####
#...........#
#############


You could see 2 centaur warriors and a crimson imp.

Vanquished Creatures
  3 two-headed ogres (D:10)
  A cyclops (D:10)
  A wolf spider (D:8)
  An ugly thing (D:10)
  Maurice (D:8)
  3 centaur zombies
  A kobold demonologist (D:10)
  A troll (D:10)
  A hippogriff (D:8)
  A vampire (D:7)
  8 yaks
  Menkaure (D:7)
  3 wargs (D:7)
  4 sky beasts
  4 orc warriors
  2 ice beasts
  3 phantoms
  4 ogres
  2 centaurs
  4 bullfrogs
  3 water moccasin zombies (Ossuary)
  A wyvern zombie (D:7)
  5 killer bees (D:9)
  4 scorpions
  3 wights (D:8)
  2 electric eels (D:10)
  A howler monkey (D:8)
  A bullfrog zombie (D:6)
  5 crimson imps
  2 hounds
  5 orc priests
  8 orc wizards
  2 jellies
  2 iguanas
  Jessica (D:6)
  4 worker ants
  Natasha (D:4)
  2 big kobold zombies (Ossuary)
  A hound zombie (D:5)
  2 hound skeletons
  2 mummies (Ossuary)
  Robin (D:4)
  A worker ant zombie (D:8)
  3 adders
  2 adder zombies (Ossuary)
  An adder skeleton (D:8)
  4 worms
  A dart slug (D:2)
  2 leopard geckos
  26 orcs
  8 bats
  4 giant cockroaches
  5 gnoll zombies (Ossuary)
  16 goblins
  12 hobgoblins
  17 jackals
  6 kobolds
  3 quokkas
  2 ball pythons
  7 frilled lizards
  A hobgoblin zombie (Ossuary)
  A jackal skeleton (D:5)
  4 kobold zombies (Ossuary)
  3 orc zombies (Ossuary)
  12 rats
248 creatures vanquished.

Vanquished Creatures (collateral kills)
  Psyche (D:10)
  Pikel (D:7)
  Prince Ribbit (D:7)
  3 orc warriors (D:10)
  An orc wizard (D:6)
  6 orcs
  A jackal (D:6)
  An orc zombie (Ossuary)
15 creatures vanquished.

Grand Total: 263 creatures vanquished

Notes
Turn   | Place    | Note
-------+----------+-------------------------------------------
     0 | D:1      | Chiseanne the Octopode Archaeologist began the quest for
                  | the Orb.
     0 | D:1      | Reached XP level 1. HP: 13/13 MP: 1/1
   213 | D:1      | Reached XP level 2. HP: 9/18 MP: 2/2
   800 | D:1      | Reached XP level 3. HP: 24/24 MP: 3/3
   966 | D:1      | Reached skill level 1 in Axes
  1324 | D:2      | Reached skill level 2 in Axes
  1732 | D:2      | Reached skill level 3 in Axes
  1802 | D:2      | Found a sparkling altar of Nemelex Xobeh.
  1802 | D:2      | Found an opulent altar of Gozag.
  1803 | D:2      | Reached XP level 4. HP: 29/29 MP: 4/4
  1811 | D:2      | Became a worshipper of Gozag Ym Sagoz the Greedy
  1973 | D:2      | Found a snail-covered altar of Cheibriados.
  2021 | D:2      | Found a glowing silver altar of Zin.
  2473 | D:3      | Reached skill level 4 in Axes
  2720 | D:3      | Found an ancient bone altar of Kikubaaqudgha.
  2779 | D:3      | Found an ornate altar of the Wu Jian Council.
  3160 | D:4      | Found a shattered altar of Ashenzari.
  3160 | D:4      | Noticed Robin
  3185 | D:4      | Killed Robin
  3185 | D:4      | Reached skill level 5 in Axes
  3185 | D:4      | Reached XP level 5. HP: 21/34 MP: 5/5
  3247 | D:4      | Noticed an ogre
  3276 | D:4      | HP: 1/34 [ogre/+0 giant club (17)]
  3277 | D:4      | Killed an ogre
  3277 | D:4      | Reached skill level 6 in Axes
  3572 | D:4      | Found a burning altar of Makhleb.
  3572 | D:4      | Found a shimmering altar of Xom.
  3578 | D:4      | Reached skill level 7 in Axes
  3578 | D:4      | Reached XP level 6. HP: 37/39 MP: 6/6
  3704 | D:4      | Found a sand-covered staircase.
  3713 | Ossuary  | Entered an ossuary
  3808 | Ossuary  | Reached skill level 8 in Axes
  3808 | Ossuary  | Reached XP level 7. HP: 44/44 MP: 7/7
  4185 | D:4      | Noticed Natasha
  4189 | D:4      | Killed Natasha
  4230 | D:4      | Reached skill level 9 in Axes
  4499 | D:5      | Entered Level 5 of the Dungeon
  4562 | D:5      | Found Xodi Ine's Armour Shop.
  4704 | D:5      | Reached XP level 8. HP: 19/51 MP: 8/8
  4833 | D:5      | Found Xoeghin's Jewellery Shoppe.
  4836 | D:5      | Bought a cursed -2 ring of dexterity for 20 gold pieces
  4836 | D:5      | Bought a +3 ring of evasion for 210 gold pieces
  4836 | D:5      | Bought a +5 ring of dexterity for 412 gold pieces
  5065 | D:5      | Found Rylih's Antique Weapon Emporium.
  5599 | D:5      | Found a sacrificial altar of Ru.
  5713 | D:6      | Reached skill level 5 in Dodging
  5890 | D:6      | Found a blossoming altar of Fedhas.
  5972 | D:6      | Found an iron altar of Okawaru.
  6059 | D:6      | Reached XP level 9. HP: 59/59 MP: 9/9
  6174 | D:6      | Noticed Jessica
  6181 | D:6      | Killed Jessica
  6185 | D:6      | Found a shimmering blue altar of Sif Muna.
  6485 | D:7      | Reached skill level 5 in Fighting
  6485 | D:7      | Reached skill level 10 in Axes
  6520 | D:7      | Learned a level 2 spell: Blink
  6524 | D:7      | Learned a level 3 spell: Conjure Flame
  6528 | D:7      | Learned a level 3 spell: Mephitic Cloud
  6539 | D:7      | Found a corrupted altar of Lugonu.
  6546 | D:7      | Noticed Prince Ribbit
  6554 | D:7      | Killed Prince Ribbit
  6661 | D:7      | Found a staircase to the Ecumenical Temple.
  6668 | D:7      | Noticed Pikel
  6668 | D:7      | Noticed Menkaure
  6670 | D:7      | Killed Pikel
  6674 | D:7      | Killed Menkaure
  6949 | D:7      | Reached XP level 10. HP: 57/69 MP: 10/10
  6959 | D:7      | Reached skill level 11 in Axes
  6960 | D:7      | Found a staircase to the Lair.
  7174 | D:8      | Noticed a wolf spider
  7177 | D:8      | Killed a wolf spider
  7177 | D:8      | Reached skill level 1 in Spellcasting
  7308 | D:8      | Noticed Maurice
  7317 | D:8      | Killed Maurice
  7318 | D:8      | Found an iron altar of Okawaru.
  8003 | D:8      | Bought a scroll of identify for 24 gold pieces
  8003 | D:8      | Bought a scroll of remove curse for 36 gold pieces
  8003 | D:8      | Bought a scroll of identify for 24 gold pieces
  8008 | D:9      | Found a radiant altar of Vehumet.
  8203 | D:9      | Reached XP level 11. HP: 78/78 MP: 17/17
  8246 | D:9      | Found Ziolecomp's Magic Scroll Boutique.
  8732 | D:10     | Entered Level 10 of the Dungeon
  8732 | D:10     | Noticed a cyclops
  8736 | D:10     | Killed a cyclops
  8745 | D:10     | Noticed a white ugly thing
  8750 | D:10     | Killed a white ugly thing
  8750 | D:10     | Reached skill level 5 in Spellcasting
  9017 | D:10     | Noticed Psyche
  9025 | D:10     | Killed Psyche
  9076 | D:10     | Found Vivyem's Food Boutique.
  9088 | D:10     | Noticed a two-headed ogre
  9097 | D:10     | Noticed a two-headed ogre
  9098 | D:10     | Killed a two-headed ogre
  9098 | D:10     | Reached skill level 10 in Dodging
  9103 | D:10     | Killed a two-headed ogre
  9210 | D:10     | Noticed a two-headed ogre
  9325 | D:9      | Bought a scroll of acquirement for 520 gold pieces
  9329 | D:9      | Bought a scroll of identify for 20 gold pieces
  9329 | D:9      | Bought a scroll of blinking for 75 gold pieces
  9329 | D:9      | Bought a scroll of teleportation for 30 gold pieces
  9329 | D:9      | Bought a scroll of magic mapping for 35 gold pieces
  9329 | D:9      | Bought a scroll of fear for 35 gold pieces
  9329 | D:9      | Bought a scroll of torment for 75 gold pieces
  9332 | D:9      | Bought a scroll of remove curse for 30 gold pieces
  9332 | D:9      | Bought 3 scrolls of remove curse for 90 gold pieces
  9332 | D:9      | Bought a scroll of remove curse for 30 gold pieces
  9532 | D:10     | Killed a two-headed ogre
  9553 | D:10     | Found a staircase to the Orcish Mines.
  9611 | D:10     | Bought the Catalogue of the Lost Ghosts for 1170 gold
                  | pieces
  9620 | D:10     | Learned a level 8 spell: Controlled Blink
  9622 | D:11     | Found Iplu's General Store.
  9622 | D:11     | Found Deopigh's Armour Shoppe.
  9625 | D:11     | Noticed a centaur warrior
  9626 | D:11     | Noticed a centaur warrior
  9629 | D:11     | Found Jekuson's General Store.
  9630 | D:11     | Shot with an arrow by a centaur warrior

Skill      XL: |  1  2  3  4  5  6  7  8  9 10 11 |
---------------+----------------------------------+-----
Axes           | 3 5 7 8 9 10 11 | 11.0
Fighting       | 2 4 6 8 9 |  9.9
Dodging        | 4 5 7 9 10 | 10.3
Spellcasting   | 4 6 |  6.2
Maces & Flails | |  1.0
Stealth        | |  4.9

Action                   |  1- 3 |  4- 6 |  7- 9 | 10-12 || total
-------------------------+-------+-------+-------+-------++-------
Melee: Whip              |    55 |       |       |       ||    55
       Constrict         |    25 |    22 |    19 |    19 ||    85
       Tentacles         |    10 |    15 |    16 |    23 ||    64
       Hand axe          |    51 |    78 |       |       ||   129
       Broad axe         |       |    18 |   110 |   150 ||   278
Invok: Call Merchant     |       |       |       |     2 ||     2
Evoke: Wand              |       |       |       |    18 ||    18
       Lamp of fire      |       |       |       |     1 ||     1
  Use: Scroll            |     2 |    10 |     5 |     8 ||    25
       Potion            |       |       |     1 |     1 ||     2
 Stab: Sleeping          |    12 |    24 |    14 |    18 ||    68
       Distracted        |       |     2 |     2 |     1 ||     5
  Eat: Chunk             |     3 |     1 |       |       ||     4
       Ration            |       |     3 |     3 |     2 ||     8
Armor: Skin              |    19 |    10 |     4 |     8 ||    41
Dodge: Dodged            |   110 |    75 |    70 |   112 ||   367
